[Event "European Rapid Championship 2021"]
[Site "Katowice"]
[Date "2021.12.19"]
[Round "7.2"]
[White "Zakrzewski, Marek"]
[Black "Malek, Jan"]
[Result "1-0"]
[ECO "A22"]
[WhiteElo "2239"]
[BlackElo "2029"]
[Annotator "NA"]
[PlyCount "70"]
[EventDate "2021.12.18"]
[EventType "swiss"]
[EventCountry "POL"]
[SourceTitle "playchess.com"]
[Source "ChessBase"]
[SourceQuality "1"]
[TimeControl "900+10"]

1. c4 e5 2. Nc3 Nf6 3. e3 Bb4 4. Nge2 O-O 5. a3 Be7 6. d4 exd4 7. Nxd4 d5 8. Be2 h6 9. O-O c5 10. Nf3 Be6 11. b3 Nc6 12. Bb2 a6 13.
Qc2 Qc7 14. Rfd1 Rfd8 15. Rac1 Rac8 16. cxd5 Nxd5 17. Ne4 Bf5 18. Bd3 Bxe4 19. Bxe4 Nf6 20. Bf5 Rxd1+ 21. Rxd1 Rd8 22. Rd3 Bf8 23. Qd1 Rxd3 24. Qxd3 Ne7 25. Bxf6 gxf6 26. h4 b5 27. Be4 c4 28. bxc4 bxc4 29. Qd4 f5 30. Bc2 Bg7 31. Qd2 Bf6 32. g3 Qc5 33.
a4 c3 34. Qd3 a5 35. Nd4 Bxd4 1-0

[Event "European Rapid Championship 2021"]
[Site "Katowice"]
[Date "2021.12.19"]
[Round "7.3"]
[White "Piesik, Piotr"]
[Black "Klekowski, Maciej"]
[Result "1-0"]
[ECO "B44"]
[WhiteElo "2342"]
[BlackElo "2528"]
[Annotator "ChessBase"]
[PlyCount "143"]
[EventDate "2021.12.18"]
[EventType "swiss"]
[EventCountry "POL"]
[SourceTitle "playchess.com"]
[Source "ChessBase"]
[SourceQuality "1"]
[TimeControl "900+10"]

1. e4 c5 2. Nf3 Nc6 3. d4 cxd4 4. Nxd4 e6 5. Nb5 d6 6. c4 a6 7. N5a3 Nf6 8. Nc3 b6 9. Be2 Bb7 10. O-O Be7 11. Be3 O-O 12. Qd2 Rc8 13. Rac1 Ne5 14. f3 Ned7 15. Rfd1 Qc7 16. Bf1 Qb8 17. Qf2 Bd8 18. Nc2 Bc7 19. g3 Rfe8 20. Nd4 Qa8 21. Bg2 Ne5 22. b3 d5 23. exd5 exd5 24.
Nxd5 Bxd5 25. cxd5 Nxd5 26. Nf5 Nxe3 27. Nxe3 Qb8 28. f4 Ng6 29. Nd5 Bd8 30. Rxc8 Qxc8 31. Nxb6 Bxb6 32. Qxb6 Nf8 33. Qc6 Qxc6 34. Bxc6 Re2 35. a4 Rb2 36. Bd5 h5 37. h4 Nh7 38. Bc4 Nf6 39. Rd8+ Kh7 40. Bxf7 Ne4 41. Rd3 g6 42. Re3 Nf6 43. Bc4 a5 44. Re5 Kg7 45. Rxa5 Ne4 46. Ra7+ Kf8 47. f5 gxf5 48. Rf7+ Ke8 49. Rxf5 Kd7 50. Rxh5 Nxg3 51. Re5 Kd6 52. Re6+ Kc5 53. h5 Nxh5 54. Re5+ Kd4 55. Rxh5 Ke3 56. Rh2 Rb1+ 57. Kg2 Kf4 58. Rh4+ Ke3 59. Rh8 Kf4 60. Rf8+ Ke3 61. Re8+ Kd4 62. Kf3 Rh1 63. a5 Kc5 64. a6 Kb6 65. Re6+ Kc7 66. Ke4 Ra1 67. Kd4 Kb8 68. Re7 Ra5 69. b4 Ra1 70. Kc5 Rc1 71. Kb6 Kc8 72. Bb5 1-0

[Event "European Rapid Championship 2021"]
[Site "Katowice"]
[Date "2021.12.19"]
[Round "7.3"]
[White "Walter, Szymon"]
[Black "Grzesik, Gracjan"]
[Result "0-1"]
[ECO "B23"]
[WhiteElo "2203"]
[BlackElo "1992"]
[Annotator "NA"]
[PlyCount "96"]
[EventDate "2021.12.18"]
[EventType "swiss"]
[EventCountry "POL"]
[SourceTitle "playchess.com"]
[Source "ChessBase"]
[SourceQuality "1"]
[TimeControl "900+10"]

1. e4 c5 2. Nc3 Nc6 3. f4 g6 4. Nf3 Bg7 5. Bb5 Nd4 6. O-O a6 7. Bc4 e6 8. d3 b5 9. Bb3 d6 10. Nxd4 Bxd4+ 11. Kh1 Ne7 12. f5 gxf5 13.
exf5 d5 14. Ne2 Nxf5 15. Rxf5 exf5 16. Nxd4 cxd4 17. Qf3 Be6 18. Bf4 Qd7 19. Re1 O-O-O 20. Qf2 Qa7 21. Be5 Rhg8 22. Bxd4 Qb7 23. a4 b4 24. Bb6 Rd6 25. Bc5 Rd7 26. Qd4 Rg4 27. Qf2 Rg6 28. Bd4 Rd8 29. a5 Rdg8 30. g3 h5 31. Ba4 Rg4 32. c3 b3 33.
Qe3 h4 34. gxh4 Rg2 35. Qe5 f4 36. Qd6 f3 37. Rf1 f2 38.
Bxf2 Bh3 39. Bd4 Rxb2 40. Qc5+ Kb8 41. Be5+ Ka8 42. Bc6 Bg2+ 43. Kg1 Bf3+ 44. Bg3 Rg2+ 45. Kh1 R2xg3+ 46. Rxf3 Rg1+ 47. Qxg1 Rxg1+ 48. Kxg1 Qxc6 0-1

[Event "European Rapid Championship 2021"]
[Site "Katowice"]
[Date "2021.12.19"]
[Round "7.4"]
[White "Sumets, Andrey"]
[Black "Karpus, Michal"]
[Result "1-0"]
[ECO "D37"]
[WhiteElo "2508"]
[BlackElo "2185"]
[Annotator "ChessBase"]
[PlyCount "89"]
[EventDate "2021.12.18"]
[EventType "swiss"]
[EventCountry "POL"]
[SourceTitle "playchess.com"]
[Source "ChessBase"]
[SourceQuality "1"]
[TimeControl "900+10"]

1. d4 Nf6 2. Nf3 d5 3. c4 e6 4. Nc3 Nbd7 5. e3 Bd6 6. Qc2 c6 7. Bd3 O-O 8. O-O Qe7 9. c5 Bc7 10. e4 e5 11. exd5 cxd5 12. Re1 Qe6 13.
Bf5 Qe8 14. Bxd7 Nxd7 15. Nxd5 Qd8 16. Nxc7 Qxc7 17. Nxe5 Nxe5 18. Rxe5 Be6 19. Bf4 Qc6 20. Qe4 Rfd8 21. Qe3 Qa4 22. Rxe6 fxe6 23. Qxe6+ Kh8 24. Be5 Qb4 25. Qb3 Qxb3 26. axb3 a6 27. f4 Kg8 28. Kf2 Kf7 29. Ke3 Ke6 30. Ke4 g6 31. g4 Kd7 32. d5 Rf8 33.
b4 Rae8 34. b5 axb5 35. Ra7 Kc8 36. c6 bxc6 37. dxc6 Kd8 38. Rxh7 Re7 39. c7+ Kd7 40. Rxe7+ Kxe7 41. h4 b4 42. h5 gxh5 43. gxh5 b3 44. h6 Rf7 45. c8=Q 1-0

[Event "European Rapid Championship 2021"]
[Site "Katowice"]
[Date "2021.12.19"]
[Round "7.4"]
[White "Kos, Pawel"]
[Black "Warchol, Bartosz"]
[Result "1-0"]
[ECO "D02"]
[WhiteElo "2199"]
[BlackElo "1942"]
[Annotator "NA"]
[PlyCount "73"]
[EventDate "2021.12.18"]
[EventType "swiss"]
[EventCountry "POL"]
[SourceTitle "playchess.com"]
[Source "ChessBase"]
[SourceQuality "1"]
[TimeControl "900+10"]

1. d4 d5 2. Nf3 Nf6 3. g3 c5 4. Bg2 Nc6 5. O-O Bf5 6. c4 dxc4 7. Qa4 Qa5 8. Qxc4 e6 9. Nc3 Be7 10. Ne5 Rc8 11. Nxc6 bxc6 12. dxc5 Qxc5 13. Qa4 O-O 14. Be3 Qb4 15. Qxb4 Bxb4 16. Bxa7 Nd5 17. e4 Nxc3 18. bxc3 Bxc3 19. exf5 Bxa1 20. Rxa1 exf5 21. Bc5 Rfd8 22. a4 Rd2 23. a5 Rc2 24. Be3 Kf8 25. a6 Ke7 26. a7 Ra8 27. Rb1 Ra2 28.
Bxc6 R8xa7 29. Bxa7 Rxa7 30. Rb7+ Rxb7 31. Bxb7 Kf6 32. Kg2 Ke5 33. Kf3 h6 34. Ke3 g5 35. f4+ Kf6 36. Bd5 h5 37. h4 1-0

[Event "European Rapid Championship 2021"]
[Site "Katowice"]
[Date "2021.12.19"]
[Round "7.5"]
[White "Mirzoev, Emil"]
[Black "Schneider, Ilja"]
[Result "1-0"]
[ECO "C24"]
[WhiteElo "2418"]
[BlackElo "2490"]
[Annotator "ChessBase"]
[PlyCount "83"]
[EventDate "2021.12.18"]
[EventType "swiss"]
[EventCountry "POL"]
[SourceTitle "playchess.com"]
[Source "ChessBase"]
[SourceQuality "1"]
[TimeControl "900+10"]

1. e4 e5 2. Bc4 Nf6 3. d3 c6 4. Bb3 d5 5. Nf3 Bb4+ 6. Bd2 Bxd2+ 7. Nbxd2 Nbd7 8. O-O O-O 9. Re1 Re8 10. d4 exd4 11. exd5 Rxe1+ 12. Qxe1 Nxd5 13. Bxd5 cxd5 14. Nxd4 Nf6 15. N2b3 Bd7 16.
Qb4 a5 17. Qxb7 a4 18. Nc5 Rb8 19. Qa7 Ra8 20. Qb7 Rb8 21. Qa6 Rxb2 22. Re1 h6 23. a3 Ra2 24. Qd3 Ne4 25. Na6 Qf6 26. f3 Nd6 27. Nb4 Rxa3 28.
Qxa3 Qxd4+ 29. Kh1 Qd2 30.
Rb1 Nc4 31. Qd3 Qxd3 32.
cxd3 Ne3 33. Kg1 g5 34. Kf2 d4 35. Rc1 Be6 36. Nc6 Nd5 37.
Nxd4 Nb4 38. Ke2 Bd5 39. Ra1 Na2 40. Kd2 Kg7 41. Ne2 a3 42.
Nd4 1-0

[Event "European Rapid Championship 2021"]
[Site "Katowice"]
[Date "2021.12.19"]
[Round "7.5"]
[White "Karolczuk, Iwo"]
[Black "Danielyan, Vahe"]
[Result "1-0"]
[ECO "A62"]
[WhiteElo "2007"]
[BlackElo "2198"]
[Annotator "NA"]
[PlyCount "115"]
[EventDate "2021.12.18"]
[EventType "swiss"]
[EventCountry "POL"]
[SourceTitle "playchess.com"]
[Source "ChessBase"]
[SourceQuality "1"]
[TimeControl "900+10"]

1. d4 Nf6 2. c4 e6 3. g3 c5 4. d5 exd5 5. cxd5 d6 6. Nc3 g6 7. Bg2 Bg7 8. Nf3 O-O 9. O-O Re8 10. Bf4 Ne4 11. Rc1 Nxc3 12. bxc3 b5 13. Nd2 a5 14. Ne4 Ra6 15. Qd2 Bf5 16. Ng5 h6 17. Nf3 g5 18. Be3 Nd7 19. h4 f6 20.
Rfd1 Nb6 21. Qb2 Qd7 22. Nd2 Bg6 23. Kh2 b4 24. cxb4 axb4 25.
Nc4 Nxc4 26. Rxc4 Rea8 27. Bxc5 dxc5 28. Rxc5 Qd6 29. Rdc1 gxh4 30. Qxb4 hxg3+ 31. fxg3 Kh7 32. Be4 f5 33. Bf3 Rxa2 34. Qf4 Qxf4 35. gxf4 Rd2 36. Rc7 h5 37. Rg1 Rg8 38. Rg5 Rd4 39. Bxh5 Rxf4 40. Bxg6+ Kh6 41. Rg3 Rh4+ 42. Kg2 Rf8 43. Bxf5 Rxf5 44. Rgxg7 Rxd5 45. Rh7+ Kg5 46. Rxh4 Kxh4 47. Rg7 Kh5 48. Kf3 Kh6 49. Rg1 Kh7 50. e4 Rd6 51. Kf4 Ra6 52. Kf5 Ra7 53.
e5 Kh8 54. e6 Rg7 55. Rxg7 Kxg7 56. Ke5 Kf8 57. Kf6 Ke8 58. e7 1-0

[Event "European Rapid Championship 2021"]
[Site "Katowice"]
[Date "2021.12.19"]
[Round "7.6"]
[White "Cukrowski, Filip"]
[Black "Derejczyk, Mateusz"]
[Result "1/2-1/2"]
[ECO "A06"]
[WhiteElo "2373"]
[BlackElo "1520"]
[Annotator "NA"]
[PlyCount "117"]
[EventDate "2021.12.18"]
[EventType "swiss"]
[EventCountry "POL"]
[SourceTitle "playchess.com"]
[Source "ChessBase"]
[SourceQuality "1"]
[TimeControl "900+10"]

1. Nf3 d5 2. g3 Bg4 3. Bg2 c6 4. d4 Nf6 5. O-O Bxf3 6. Bxf3 Nbd7 7. c4 e6 8. Nc3 dxc4 9. a4 Nd5 10. e3 N7f6 11. Qe2 Be7 12. Qxc4 O-O 13.
Rd1 Qa5 14. Bd2 Nxc3 15. Bxc3 Qf5 16. Bg2 Ne4 17. Be1 Qd5 18. Qc2 f5 19. f3 Nd6 20. Bb4 Rf7 21. Rac1 Rd8 22. b3 Nc8 23. Bc3 Qd7 24. Qe2 Rdf8 25. a5 a6 26. Rf1 Nd6 27. Bb4 Nb5 28. Bc5 Bxc5 29. Rxc5 Rd8 30. Re5 Rf6 31. g4 f4 32. g5 Rf5 33. Re4 fxe3 34. Qxe3 Nxd4 35. Bh3 Rxa5 36. Rxe6 Qf7 37. Re7 Qg6 38. f4 Nf5 39. Qb6 Rad5 40. Re5 Rf8 41. Qxb7 Rxe5 42. fxe5 Qxg5+ 43. Kh1 g6 44. Qxc6 Qe3 45. Bxf5 Rxf5 46. Rxf5 gxf5 47. Qc8+ Kg7 48. Qxf5 Qc1+ 49.
Kg2 Qb2+ 50. Kg1 Qc1+ 51. Kg2 Qb2+ 52. Kg1 Qc1+ 53. Kf2 Qb2+ 54. Ke1 Qc3+ 55. Ke2 Qb2+ 56. Kf1 Qc1+ 57. Kg2 Qb2+ 58. Kg1 Qc1+ 59. Kg2 1/2-1/2

[Event "European Rapid Championship 2021"]
[Site "Katowice"]
[Date "2021.12.19"]
[Round "7.7"]
[White "Wieczorek, Oskar"]
[Black "Balog, Imre"]
[Result "0-1"]
[ECO "A21"]
[WhiteElo "2367"]
[BlackElo "2629"]
[Annotator "ChessBase"]
[PlyCount "92"]
[EventDate "2021.12.18"]
[EventType "swiss"]
[EventCountry "POL"]
[SourceTitle "playchess.com"]
[Source "ChessBase"]
[SourceQuality "1"]
[TimeControl "900+10"]

1. c4 e5 2. Nc3 Bb4 3. Nd5 Bc5 4. e3 c6 5. Nc3 Nf6 6. Nf3 e4 7. d4 Be7 8. Nd2 d5 9. Be2 O-O 10. g4 Be6 11. g5 Ne8 12. h4 a6 13. a3 b5 14. cxd5 cxd5 15. b4 a5 16. bxa5 b4 17. axb4 Bxb4 18. Bb2 Rxa5 19. Nb3 Rxa1 20. Qxa1 Nd7 21. Qa4 Be7 22. Qc6 Nc7 23. Qb7 Qb8 24. Qxb8 Rxb8 25. Bd1 Nb6 26. Nc5 Nc4 27. Bc1 Bxc5 28. dxc5 Na6 29. c6 Nb4 30. O-O Nxc6 31. Na4 Bh3 32. Re1 N6e5 33. Be2 Nd3 34. Rd1 Rb1 35. Kh2 Bf5 36. Nc3 Rxc1 37. Nxd5 Rxd1 38. Bxd1 Kf8 39. Kg3 Nd6 40. h5 Be6 41. Nc3 f5 42. gxf6 gxf6 43. f3 exf3 44. Kxf3 Ne5+ 45. Kg3 Kg7 46. Ne2 Bg4 0-1

[Event "European Rapid Championship 2021"]
[Site "Katowice"]
[Date "2021.12.19"]
[Round "7.7"]
[White "Warchol, Kamil"]
[Black "Demchenko, Anton"]
[Result "0-1"]
[ECO "B89"]
[WhiteElo "1976"]
[BlackElo "2666"]
[Annotator "ChessBase"]
[PlyCount "76"]
[EventDate "2021.12.18"]
[EventType "swiss"]
[EventCountry "POL"]
[SourceTitle "playchess.com"]
[Source "ChessBase"]
[SourceQuality "1"]
[TimeControl "900+10"]

1. e4 c5 2. Nf3 d6 3. d4 cxd4 4. Nxd4 Nf6 5. Nc3 Nc6 6. Bc4 e6 7. Be3 a6 8. Qe2 Bd7 9. O-O-O b5 10. Bb3 Na5 11. f3 h5 12. h3 h4 13. Bg5 Be7 14. e5 dxe5 15. Qxe5 Qb8 16. Qe2 b4 17. Bxf6 Nxb3+ 18. axb3 gxf6 19. Ne4 e5 20. Rhe1 Kf8 21. Nf2 Bc5 22. Ne4 Be7 23. Nf2 Bd8 24. Qc4 Qc7 25. Qxc7 Bxc7 26. Ne2 Bc6 27. Nd3 a5 28. Nc5 Rg8 29. Nd7+ Ke7 30. f4 Bxd7 31. fxe5 Bxe5 32. Nd4 Rxg2 33. Nf3 Rc8 34. Nxe5 Rcxc2+ 35. Kb1 Rxb2+ 36. Ka1 Ra2+ 37. Kb1 fxe5 38. Rxe5+ Be6 0-1

[Event "European Rapid Championship 2021"]
[Site "Katowice"]
[Date "2021.12.19"]
[Round "7.8"]
[White "Bernadskiy, Vitaliy"]
[Black "Szpar, Milosz"]
[Result "1-0"]
[ECO "D53"]
[WhiteElo "2616"]
[BlackElo "2315"]
[Annotator "ChessBase"]
[PlyCount "77"]
[EventDate "2021.12.18"]
[EventType "swiss"]
[EventCountry "POL"]
[SourceTitle "playchess.com"]
[Source "ChessBase"]
[SourceQuality "1"]
[TimeControl "900+10"]

1. c4 e6 2. Nc3 d5 3. d4 Nf6 4. Bg5 Be7 5. e3 O-O 6. Qc2 c6 7. Nf3 Nbd7 8.
Bd3 dxc4 9. Bxc4 b5 10. Bd3 h6 11. Bh4 Bb7 12. O-O a6 13.
a4 Rc8 14. Qe2 Nd5 15. Bxe7 Nxc3 16. bxc3 Qxe7 17. c4 e5 18. e4
b4 19. c5 exd4 20. Nxd4 Nxc5 21. Nf5 Qe5 22. f4 Qc3 23. Bc4 Rce8 24. e5 Ne6 25. Rac1 Nxf4 26. Qg4 Qxe5 27. Rxf4 Kh8 28. Rcf1 Bc8 29. Qh4 Bxf5 30. Rxf5 Qe3+ 31. Qf2 f6 32. Bxa6 Qa3 33. a5 b3 34. Bd3 b2 35. Bb1 Ra8 36. Qc2 Kg8 37.
R5f3 Qxa5 38. Qh7+ Kf7 39. Rxf6+ 1-0

[Event "European Rapid Championship 2021"]
[Site "Katowice"]
[Date "2021.12.19"]
[Round "7.8"]
[White "Diermair, Andreas"]
[Black "Mazurkiewicz, Michal"]
[Result "1-0"]
[ECO "A52"]
[WhiteElo "2408"]
[BlackElo "2159"]
[Annotator "NA"]
[PlyCount "35"]
[EventDate "2021.12.18"]
[EventType "swiss"]
[EventCountry "POL"]
[SourceTitle "playchess.com"]
[Source "ChessBase"]
[SourceQuality "1"]
[TimeControl "900+10"]

1. d4 Nf6 2. c4 e5 3. dxe5 Ng4 4. Nf3 Bc5 5. e3 Nc6 6. Nc3 O-O 7. Be2 Re8 8. O-O a5 9. b3 Ncxe5 10. Nxe5 Nxe5 11. Ne4 Bf8 12. c5 Qh4 13. f4 Nc6 14. Bf3 Qe7 15. Bb2 Kh8 16. Re1 d6 17. cxd6 cxd6 18. Nc3 1-0

[Event "European Rapid Championship 2021"]
[Site "Katowice"]
[Date "2021.12.19"]
[Round "7.9"]
[White "Andersen, Mads"]
[Black "Kozak, Antoni"]
[Result "0-1"]
[ECO "A06"]
[WhiteElo "2574"]
[BlackElo "2356"]
[Annotator "ChessBase"]
[PlyCount "114"]
[EventDate "2021.12.18"]
[EventType "swiss"]
[EventCountry "POL"]
[SourceTitle "playchess.com"]
[Source "ChessBase"]
[SourceQuality "1"]
[TimeControl "900+10"]

1. Nf3 d5 2. g3 Nf6 3. Bg2 Bg4 4. c4 c6 5. Ne5 Bf5 6. cxd5 cxd5 7. Nc3 Nc6 8. Nxc6 bxc6 9. d3 e6 10. O-O Be7 11. Qa4 Qd7 12. e4 Bg6 13.
h3 O-O 14. f4 Rab8 15. a3 h5 16. f5 exf5 17. exd5 cxd5 18. Qxd7 Nxd7 19. Nxd5 Bc5+ 20. Kh2 Rfe8 21. b4 Bd4 22. Ra2 f6 23. Rc2 Ne5 24. Rc7 Nxd3 25. Rd1 Nxc1 26. Rxd4 Ne2 27. Rd2 Kf8 28. Bf3 Bf7 29. Rxf7+ Kxf7 30. Bxh5+ g6 31. Bxe2 Rbd8 32. Bc4 Kg7 33. Kg2 Re4 34. Ba2 Re3 35. a4 Ra3 36. a5 Rxa2 37. Rxa2 Rxd5 38. Rb2 a6 39. Kf3 Rd3+ 40. Kf2 Ra3 41. Rc2 Rb3 42. Rc7+ Kh6 43. Rb7 g5 44. Rb6 Kg6 45. Ke2 g4 46. h4 Rxg3 47. Rxa6 Ra3 48. b5 f4 49. b6 f3+ 50. Kf2 Ra2+ 51. Ke3 f2 52. b7 f1=Q 53. b8=Q Re2+ 54. Kd4 Rd2+ 55. Kc5 Rc2+ 56. Kd5 Qc4+ 57. Kd6 Qxa6+ 0-1

[Event "European Rapid Championship 2021"]
[Site "Katowice"]
[Date "2021.12.19"]
[Round "7.9"]
[White "Kjartansson, Gudmundur"]
[Black "Woloch, Oskar"]
[Result "1-0"]
[ECO "A06"]
[WhiteElo "2402"]
[BlackElo "2036"]
[Annotator "NA"]
[PlyCount "47"]
[EventDate "2021.12.18"]
[EventType "swiss"]
[EventCountry "POL"]
[SourceTitle "playchess.com"]
[Source "ChessBase"]
[SourceQuality "1"]
[TimeControl "900+10"]

1. Nf3 d5 2. g3 Bg4 3. Bg2 Nd7 4. d4 c6 5. Nbd2 e6 6. O-O f5 7. c4 Bd6 8. b4 b5 9. cxb5 cxb5 10. a3 Bxf3 11. exf3 Kf7 12. Re1 Qf6 13. Nb3 Ne7 14. Ra2 Rhe8 15. Nc5 Bxc5 16. dxc5 Nc6 17. f4 Red8 18. Rae2 Nf8 19. Bb2 Qe7 20. g4 g6 21. gxf5 gxf5 22. Re3 Ng6 23. Qh5 h6 24. Rxe6 1-0

[Event "European Rapid Championship 2021"]
[Site "Katowice"]
[Date "2021.12.19"]
[Round "7.10"]
[White "Laurusas, Tomas"]
[Black "Kosakowski, Jakub"]
[Result "0-1"]
[ECO "E10"]
[WhiteElo "2553"]
[BlackElo "2438"]
[Annotator "ChessBase"]
[PlyCount "54"]
[EventDate "2021.12.18"]
[EventType "swiss"]
[EventCountry "POL"]
[SourceTitle "playchess.com"]
[Source "ChessBase"]
[SourceQuality "1"]
[TimeControl "900+10"]

1. d4 Nf6 2. c4 e6 3. Nf3 c5 4. d5 b5 5. dxe6 fxe6 6. cxb5 d5 7. Nc3 Nbd7 8. e4 d4 9. e5 Ng4 10. Ne4 Bb7 11. Neg5 Ndxe5 12. Nxe5 Nxe5 13. f4 Nf7 14. h4 Qd5 15. Qc2 Bd6 16. Bd2 Nxg5 17. hxg5 O-O-O 18. Bc4 Qxg2 19. Bxe6+ Kb8 20. O-O-O h6 21.
gxh6 Rxh6 22. Rxh6 gxh6 23. f5 Bf3 24. Re1 Bg3 25. Qxc5 Bxe1 26. Bxe1 d3 27. b6 d2+ 0-1

[Event "European Rapid Championship 2021"]
[Site "Katowice"]
[Date "2021.12.19"]
[Round "7.10"]
[White "Kindler, Przemyslaw"]
[Black "Baum, Jonasz"]
[Result "0-1"]
[ECO "B18"]
[WhiteElo "2032"]
[BlackElo "2343"]
[Annotator "NA"]
[PlyCount "130"]
[EventDate "2021.12.18"]
[EventType "swiss"]
[EventCountry "POL"]
[SourceTitle "playchess.com"]
[Source "ChessBase"]
[SourceQuality "1"]
[TimeControl "900+10"]

1. e4 c6 2. d4 d5 3. Nc3 dxe4 4. Nxe4 Bf5 5. Ng3 Bg6 6. f4 e6 7. Nf3 Nf6 8. Bd3 Bxd3 9. Qxd3 Nbd7 10. f5 Bd6 11. fxe6 fxe6 12. Qb3 Nd5 13.
Ne4 N7f6 14. Bg5 O-O 15. Nxf6+ gxf6 16. Bh6 Rf7 17. O-O Qd7 18. Rae1 Bf8 19. Bd2 Bg7 20. Re4 Re8 21. Qd3 Ne7 22. h4 Nf5 23. Rfe1 Nd6 24. Rg4 Kh8 25. h5 e5 26. Rxg7 Rxg7 27. dxe5 Nf5 28. exf6 Rxe1+ 29. Bxe1 Rf7 30. Bc3 Qxd3 31.
cxd3 Kg8 32. Ng5 Rd7 33. f7+ Kf8 34. Bb4+ Ne7 35. h6 Rd5 36. Bd2 Ng6 37. d4 c5 38. g3 cxd4 39. Kg2 a5 40. Kf3 Re5 41.
a4 Nh8 42. Bf4 Rd5 43. Ke4 Rd7 44. Be5 Re7 45. Kxd4 Nxf7 46. Nxh7+ Ke8 47. Bg7 Nxh6 48. Nf6+ Kf7 49. Bxh6 Kxf6 50. Bd2 Rd7+ 51. Kc3 Ke5 52. Bf4+ Kd5 53. b4 axb4+ 54. Kxb4 Kc6 55. Kc4 Rd1 56. Be5 Re1 57. Kd4 Ra1 58. Ke4 Rxa4+ 59. Kf5 Kd5 60. Bf6 Ra2 61. g4 Rf2+ 62. Kg6 Ke6 63. g5 b5 64. Bd4 Rg2 65. Bf6 b4 0-1

[Event "European Rapid Championship 2021"]
[Site "Katowice"]
[Date "2021.12.19"]
[Round "7.11"]
[White "Durarbayli, Vasif"]
[Black "Grabarczyk, Miroslaw"]
[Result "1-0"]
[ECO "C42"]
[WhiteElo "2532"]
[BlackElo "2373"]
[Annotator "ChessBase"]
[PlyCount "79"]
[EventDate "2021.12.18"]
[EventType "swiss"]
[EventCountry "POL"]
[SourceTitle "playchess.com"]
[Source "ChessBase"]
[SourceQuality "1"]
[TimeControl "900+10"]

1. e4 e5 2. Nf3 Nf6 3. Nxe5 d6 4. Nf3 Nxe4 5. d4 Nf6 6.
Bd3 Bg4 7. h3 Bh5 8. Nc3 Bg6 9. Be3 Be7 10. g4 Nc6 11. g5 Nd7 12. h4 Nb4 13. Bxg6 hxg6 14. Qe2 c6 15. a3 Na6 16. d5 c5 17. Bf4 Nb6 18. O-O-O Qd7 19. Rhe1 Nc7 20. Qxe7+ Qxe7 21. Bxd6 Qxe1 22. Rxe1+ Kd7 23. Bxc5 Ncxd5 24. Ne5+ Ke6 25. Nxg6+ Kf5 26.
Nxh8 Rxh8 27. Nxd5 Nxd5 28. Bd4 f6 29. gxf6 gxf6 30. Bxa7 Rxh4 31. b3 b6 32. Rd1 Nc3 33. Rd3 Rh1+ 34. Kb2 Nd1+ 35. Ka2 b5 36. Bd4 Ke6 37. a4 bxa4 38. bxa4 Rf1 39. a5 Nxf2 40. Rf3 1-0

[Event "European Rapid Championship 2021"]
[Site "Katowice"]
[Date "2021.12.19"]
[Round "7.11"]
[White "Hasterok, Mateusz"]
[Black "Spalir, Jernej"]
[Result "1/2-1/2"]
[ECO "D37"]
[WhiteElo "2132"]
[BlackElo "2340"]
[Annotator "NA"]
[PlyCount "66"]
[EventDate "2021.12.18"]
[EventType "swiss"]
[EventCountry "POL"]
[SourceTitle "playchess.com"]
[Source "ChessBase"]
[SourceQuality "1"]
[TimeControl "900+10"]

1. d4 d5 2. c4 e6 3. Nc3 Nf6 4. Nf3 Be7 5. Bf4 O-O 6. e3 b6 7. Bd3 dxc4 8. Bxc4 Ba6 9. Qe2 Qc8 10. Rc1 Qb7 11. O-O c5 12. dxc5 bxc5 13. Nb5 Nbd7 14. Nd6 Bxc4 15. Nxc4 Qa6 16. b3 Nd5 17. Bg3 Bf6 18. e4 N5b6 19. Rfd1 Rfc8 20. h3 h6 21. Rd2 Nxc4 22. Qxc4 Qxc4 23. Rxc4 Nb6 24. Rc1 c4 25. bxc4 Rxc4 26. Rxc4 Nxc4 27. Rd7 a5 28. Rc7 Nb6 29. Be5 Bd8 30. Rb7 Nc4 31. Bf4 Rc8 32. Ne5 Bc7 33. Nc6 Bd8 1/2-1/2

[Event "European Rapid Championship 2021"]
[Site "Katowice"]
[Date "2021.12.19"]
[Round "7.12"]
[White "Lubczynski, Rafal"]
[Black "Smieszek, Wojciech"]
[Result "1-0"]
[ECO "A05"]
[WhiteElo "2289"]
[BlackElo "2033"]
[Annotator "NA"]
[PlyCount "73"]
[EventDate "2021.12.18"]
[EventType "swiss"]
[EventCountry "POL"]
[SourceTitle "playchess.com"]
[Source "ChessBase"]
[SourceQuality "1"]
[TimeControl "900+10"]

1. Nf3 Nf6 2. g3 c5 3. c4 Nc6 4. d4 cxd4 5. Nxd4 g6 6. Bg2 Bg7 7. O-O O-O 8. Nc2 d6 9. Nc3 Be6 10. Ne3 Qd7 11. Bd2 Ne5 12. b3 Bh3 13.
Rc1 Bxg2 14. Kxg2 a6 15. f3 b5 16. cxb5 axb5 17. Ncd5 Nxd5 18. Nxd5 Qb7 19. Nb4 Rfc8 20. Be3 Ng4 21. Bg1 Bh6 22. Rxc8+ Rxc8 23. Qd5 Qd7 24. fxg4 Qxg4 25. Nc6 e6 26. Ne7+ Kf8 27. Qxd6 Qxe2+ 28. Rf2 Qe4+ 29. Kh3 Re8 30. Nf5+ Kg8 31. Nxh6+ Kg7 32. Rxf7+ Kxh6 33. Qf4+ Qxf4 34. Rxf4 Ra8 35. Rf2 Kg5 36. Re2 Kf5 37. Bd4 1-0

[Event "European Rapid Championship 2021"]
[Site "Katowice"]
[Date "2021.12.19"]
[Round "7.12"]
[White "Sharankov, Grigory"]
[Black "Stefansson, Hannes"]
[Result "0-1"]
[ECO "A40"]
[WhiteElo "2220"]
[BlackElo "2519"]
[Annotator "ChessBase"]
[PlyCount "50"]
[EventDate "2021.12.18"]
[EventType "swiss"]
[EventCountry "POL"]
[SourceTitle "playchess.com"]
[Source "ChessBase"]
[SourceQuality "1"]
[TimeControl "900+10"]

1. d4 Nf6 2. c4 e6 3. g3 c5 4. Nf3 cxd4 5. Nxd4 Qc7 6. Nc3 a6 7. Bg2 Qxc4 8.
Bf4 Nc6 9. Nxc6 bxc6 10. Bd6 Bxd6 11. Qxd6 a5 12. O-O Qb4 13. Qd2 O-O 14. a3 Qb3 15. Rac1 d5 16. Nd1 Bb7 17. Rc3 Qb6 18. Qc2 Rfc8 19. b3 d4 20. Rc5 Nd7 21. Rh5 g6 22. Rh4 c5 23. Bxb7 Qxb7 24. e3 Ne5 25. Qe4 Qxe4 0-1

[Event "European Rapid Championship 2021"]
[Site "Katowice"]
[Date "2021.12.19"]
[Round "7.13"]
[White "Vetoshko, Volodymyr"]
[Black "Mis, Mieszko"]
[Result "1/2-1/2"]
[ECO "B13"]
[WhiteElo "2483"]
[BlackElo "2237"]
[Annotator "ChessBase"]
[PlyCount "72"]
[EventDate "2021.12.18"]
[EventType "swiss"]
[EventCountry "POL"]
[SourceTitle "playchess.com"]
[Source "ChessBase"]
[SourceQuality "1"]
[TimeControl "900+10"]

1. e4 c6 2. d4 d5 3. exd5 cxd5 4. Bd3 Nf6 5. h3 Qc7 6. Nf3 Nc6 7. c3 g6 8. O-O Bf5 9. Ne5 e6 10. Bb5 Nd7 11. Bf4 Bd6 12. Nd2 a6 13.
Bxc6 bxc6 14. Re1 Bxe5 15. Bxe5 Nxe5 16. Rxe5 Rb8 17. Nb3 h5 18. Qd2 Qb6 19. Re2 Kf8 20. Nc5 Qa7 21. Qf4 Kg7 22. Qe5+ Kh7 23. Qf6 Rhe8 24. f3 e5 25. Rxe5 Rxe5 26. Qxe5 Rxb2 27. Re1 Rb1 28. Rxb1 Bxb1 29. Qd6 Bf5 30. Qxc6 Qe7 31. Qxd5 Qe3+ 32. Kh2 Qf4+ 33. Kg1 Qe3+ 34. Kf1 Qc1+ 35. Kf2 Qd2+ 36. Kg1 Qc1+ 1/2-1/2